Description

test

Replay - tvp all in bio

Build Order

Get SALT Encoding   

  12  0:00  SCV  
  13  0:13  SCV  
  14  0:17  Supply Depot  
  14  0:25  SCV  
  15  0:38  SCV  
  15  0:39  Barracks  
  16  0:44  Refinery  
  16  0:51  SCV  
  17  1:03  SCV  
  18  1:15  SCV  
  19  1:28  Reaper, Orbital Command  
  20  1:43  Command Center  
  20  1:54  SCV  
  20  2:01  Barracks  
  21  2:04  Barracks Reactor  
  21  2:06  SCV  
  22  2:11  Supply Depot  
  22  2:18  SCV  
  23  2:24  Barracks  
  23  2:36  Bunker  
  24  2:41  Marine x2  
  26  2:49  Engineering Bay  
  27  2:51  Barracks Tech Lab  
  27  2:56  Orbital Command  
  27  3:04  Marine x2  
  31  3:17  Stimpack  
  31  3:18  Barracks Tech Lab  
  31  3:25  Marine x3  
  36  3:39  Marine x3  
  39  3:43  Combat Shields  
  42  3:55  Factory  
  42  3:58  Refinery  
  42  4:02  Supply Depot  
  46  4:11  Supply Depot  
  50  4:27  Terran Infantry Weapons Level 1  
  50  4:31  Refinery  
  56  4:45  Supply Depot  
  56  4:46  Starport  
  58  4:54  Factory Reactor  
  68  5:24  Barracks x2  
  73  5:36  Factory Tech Lab, Medivac x2  
  81  5:56  Concussive Shells, Marauder x2  
  84  6:06  Siege Tank  
  84  6:10  Refinery  
  88  6:15  Medivac  
  93  6:21  Marauder x2, Terran Infantry Armor Level 1  
  97  6:36  Medivac  
  99  6:45  Siege Tank  
  108  6:54  Medivac  
  108  7:00  Marauder x2  
  118  7:16  Medivac  
  118  7:20  Siege Tank  
  133  7:39  Marauder x2  
  137  7:45  Medivac  
Spawning Tool Build Advisor. Get it on Overwolf

Analysis

test

Go to:

Details

  • Created by: Michauter
  • Published on: Feb 05, 2018
  • Modified on: Feb 05, 2018
  • Patch: 4.0.0
  • Difficulty: Easy
Show
View Real Time Build Order
Export as new Build Order

Comments (1)

On April 18, 2018, 2:44 p.m., Lukebomber  said:

If you are going 2 base all in you should add on 2 rax because thats the all in part whereas the normal route is making a third cc

Create an account to comment!